 Dungeon Crawl Stone Soup version 0.18-a0-845-gc59c8fa (webtiles) character file.

435 Proton the Insei (level 7, -15/37 HPs)
             Began as a Vine Stalker Monk on Dec 20, 2015.
             Demolished by an ogre
             ... wielding a +0 giant club
              (17 damage)
             ... on level 4 of the Dungeon.
             The game lasted 00:05:17 (2349 turns).

Proton the Insei (Vine Stalker Monk)                Turns: 2349, Time: 00:05:17

Health: -15/37     AC: 12    Str: 15    XL:     7   Next: 0%
Magic:  0/8        EV:  5    Int: 10    God:
Gold:   254        SH:  0    Dex: 17    Spells: 0 memorised, 6 levels left

rFire  . . .     SeeInvis .       - Unarmed
rCold  . . .     Gourm    .     c - -1 plate armour (curse)
rNeg   . . .     Faith    .     (no shield)
rPois  .         Spirit   +     (no helmet)
rElec  .         Dismiss  .     d - +0 cloak
rCorr  .         Reflect  .     f - +0 pair of gloves
SustAt .         Harm     .     (no boots)
MR     .....                    (no amulet)
Stlth  ..........               (no ring)
                                (no ring)

@: not resistant to hostile enchantments, extremely unstealthy
A: fangs 2, regeneration 2, magic shield, antimagic bite, no device heal 3, rot
immunity
a: no special abilities


You were on level 4 of the Dungeon.
You were hungry.

You visited 1 branch of the dungeon, and saw 4 of its levels.

You collected 254 gold pieces.

Inventory:

Armour
 c - a cursed -1 plate armour (worn)
 d - a +0 cloak (worn)
 f - a +0 pair of gloves (worn)
Scrolls
 a - 9 scrolls of identify {unknown}
 e - 2 scrolls of recharging {unknown}
 g - a scroll of immolation {unknown}
 h - a scroll of teleportation {unknown}
 i - a scroll of random uselessness {unknown}
Potions
 j - 3 potions of curing {unknown}
Comestibles
 b - a bread ration


   Skills:
 + Level 3.8 Fighting
 + Level 2.3 Armour
 + Level 3.5 Dodging
 - Level 2.4 Stealth
 * Level 5.9 Unarmed Combat


You had 6 spell levels left.
You didn't know any spells.

Dungeon Overview and Level Annotations

Branches:
Dungeon (4/15)
 Temple: D:4-7

Altars:
Elyvilon
Pakellas
The Shining One


Innate Abilities, Weirdness & Mutations

You have extremely sharp teeth.
You heal very quickly.
When hurt, damage is shared between your health and your magic reserves.
Your bite disrupts and absorbs the magic of your enemies.
Potions and wands cannot restore your health.
You are immune to rotting.


Message History

The orc priest is heavily wounded.
You hit the orc priest.
You bite the orc priest, but do no damage.
The orc priest is severely wounded.
The orc hits you with a flail.
The orc priest hits you but does no damage.
You enter the shallow water.
Moving in this stuff is going to be slow.
The orc hits you with a flail. The ogre hits you with a giant club!
The orc priest mumbles some strange prayers to Beogh against you.
Something smites you! The orc hits you but does no damage.
The orc priest miscasts a cantrip.
Your unstable footing causes you to fumble your attack.
The ogre barely misses you.
Your unstable footing causes you to fumble your attack.
The orc priest calls down the wrath of Beogh upon you.
Something smites you!
* * * LOW HITPOINT WARNING * * *
The orc hits you but does no damage. The ogre hits you with a giant club!
You die...

...............
........≈.≈≈≈♣♣♣ ####
♣.≈..≈P≈≈≈P≈≈≈P≈ #...
♣≈≈≈≈≈≈≈≈≈≈≈≈≈≈≈ #...
♣≈≈≈≈P≈≈≈≈P≈≈≈≈ #...
#P≈≈P≈≈≈≈PPP♣ #..P
#≈≈≈≈og≈gP≈♣♣# #..≈
#♣≈≈≈♣Oo♣###.########..P
#♣♣ ♣♣@o.)<)..........P
###..###########'≈
#...........###.
#.###....##.###. ####.#
#....##....≈ #....#
#....######≈ #.####
#....#....#. #.#
#....#.##.#. #.#
#....#.##.#.


You could see an ogre, 2 orc priests, 2 gnolls and an orc.

Vanquished Creatures
  An ogre (D:4)
  The ghost of Proton the Ruffian, a weakling VSMo (D:4)
  3 orc priests
  An iguana (D:4)
  Natasha (thrice) (D:3)
  2 gnolls (D:4)
  4 adders
  An ooze (D:2)
  4 worms
  2 giant geckos
  14 orcs
  2 giant cockroaches
  12 goblins
  5 hobgoblins
  10 kobolds
  2 quokkas
  7 bats
  5 giant newts
  9 rats
88 creatures vanquished.

Vanquished Creatures (others)
  7 plants (D:4)
7 creatures vanquished.

Grand Total: 95 creatures vanquished

Notes
Turn   | Place    | Note
--------------------------------------------------------------
     0 | D:1      | Proton the Vine Stalker Monk began the quest for the Orb.
     0 | D:1      | Reached XP level 1. HP: 11/11 MP: 2/2
   153 | D:1      | Reached XP level 2. HP: 16/16 MP: 3/3
   665 | D:2      | Reached XP level 3. HP: 19/19 MP: 4/4
   862 | D:2      | Reached skill level 1 in Armour
   862 | D:2      | Reached XP level 4. HP: 23/23 MP: 5/5
  1457 | D:3      | Found an oddly glowing altar of Pakellas.
  1457 | D:3      | Found a white marble altar of Elyvilon.
  1495 | D:3      | Noticed Natasha
  1505 | D:3      | Killed Natasha
  1505 | D:3      | Reached skill level 5 in Unarmed Combat
  1505 | D:3      | Reached XP level 5. HP: 28/28 MP: 6/6
  1607 | D:3      | Noticed Natasha
  1614 | D:3      | Killed Natasha
  1654 | D:3      | Noticed Natasha
  1658 | D:3      | Killed Natasha
  2051 | D:4      | Gained mutation: You heal very quickly. [Vine Stalker growth]
  2051 | D:4      | Reached XP level 6. HP: 29/32 MP: 7/7
  2089 | D:4      | Found a glowing golden altar of the Shining One.
  2231 | D:4      | Noticed Proton's ghost (weakling VSMo)
  2264 | D:4      | Killed Proton's ghost
  2295 | D:4      | Reached XP level 7. HP: 37/37 MP: 8/8
  2349 | D:4      | Demolished by an ogre

Vault maps used:
D:1:      dpeg_arrival_three_same_balls
D:3:      gammafunk_temple_overflow_elements, uniq_natasha
D:4:      tso_metal_star, serial_bayou, serial_bayou_ford_a,
          serial_bayou_pond_c, serial_bayou_lagoon_a, serial_bayou_pond_c,
          first_bread, tgw_trog

Action                   |  1- 3 |  4- 6 |  7- 9 || total
-------------------------+-------+-------+-------++-------
Melee: Unarmed           |   112 |   225 |    16 ||   353
  Eat: Bread ration      |       |     1 |       ||     1
